 Dungeon Crawl Stone Soup version 0.16-a0-3724-gf14d081 (webtiles) character file.

4248 oshikia the Epochal (level 10, 0/70 HPs)
             Began as a Demonspawn Monk on Jan 21, 2015.
             Was an Elder of Cheibriados.
             Slain by a frost giant
             ... wielding a +2 battleaxe of freezing
              (3 damage)
             ... on level 8 of the Dungeon.
             The game lasted 00:27:14 (6658 turns).

oshikia the Epochal (Demonspawn Monk)               Turns: 6658, Time: 00:27:14

Health: 0/70       AC: 11    Str: 26    XL:     10   Next: 9%
Magic:  0/22       EV: 20    Int: 18    God:    Cheibriados [****..]
Gold:   471        SH:  0    Dex: 33    Spells: 2 memorised, 4 levels left

rFire  . . .     SeeInvis .       - Unarmed
rCold  . . .     Clarity  .     E - +3 leather armour {MR+}
rNeg   . . .     SustAb   +     (no shield)
rPois  +         Gourm    .     (helmet restricted)
rElec  .         Spirit   +     A - +1 cloak
rCorr  .         Warding  .     i - +2 pair of gloves (curse)
rMut   .         Stasis   .     (no boots)
MR     +....                    h - amulet of regeneration
Stlth  +++++.....               z - ring of sustain abilities
                                g - ring of poison resistance

@: mighty, agile, very slightly contaminated, hasted, slow, somewhat resistant
to hostile enchantments, quite stealthy
A: antennae 1, talons 2, deterioration 1, dopey 1, mutation resistance 1,
powered by pain 2, screaming 1, magic shield, magic regeneration
a: Bend Time, Temporal Distortion, Slouch, Renounce Religion


You were on level 8 of the Dungeon.
You worshipped Cheibriados.
Cheibriados was greatly pleased with you.
You were not hungry.

You visited 2 branches of the dungeon, and saw 9 of its levels.

You collected 471 gold pieces.

Inventory:

Missiles
 s - a stone (quivered)
Armour
 a - a +0 robe
 i - a cursed +2 pair of gloves (worn)
 A - a +1 cloak (worn)
 E - a +3 leather armour of magic resistance (worn)
Jewellery
 g - a ring of poison resistance (left hand)
 h - an amulet of regeneration (around neck)
 k - an uncursed ring of positive energy
 y - an uncursed amulet of resist corrosion
 z - a ring of sustain abilities (right hand)
Magical devices
 x - a wand of flame (0)
 D - a wand of polymorph (9)
 I - a wand of random effects (30)
Scrolls
 e - 2 scrolls of teleportation {unknown}
 f - 2 scrolls of blinking {unknown}
 j - 10 scrolls of identify
 m - 4 scrolls of magic mapping {unknown}
 n - 2 scrolls of enchant weapon {unknown}
 o - 2 scrolls of noise {unknown}
 p - a scroll of immolation {unknown}
 q - 2 scrolls of recharging {unknown}
 t - a scroll of random uselessness {unknown}
 u - 5 scrolls of remove curse {unknown}
 B - a scroll of amnesia {unknown}
 F - 2 scrolls of enchant armour {unknown}
 H - a scroll of fog {unknown}
Potions
 d - 8 potions of curing
 l - a potion of flight
 K - a potion of brilliance
Books
 r - a book of Battle

   Spells                             Type                      Level
   a - Infusion                       Charms                       1
   b - Shroud of Golubria             Charms/Translocation         2
   c - Song of Slaying                Charms                       2
   d - Spectral Weapon                Hexes/Charms                 3
   e - Regeneration                   Charms/Necromancy            3
 w - a book of Transfigurations

   Spells                             Type                      Level
   a - Stoneskin                      Transmutation/Earth          2
   b - Irradiate                      Conjuration/Transmutation    5
   c - Statue Form                    Transmutation/Earth          6
   d - Hydra Form                     Transmutation                6
   e - Dragon Form                    Transmutation                7
 L - a book of the Sky

   Spells                             Type                      Level
   a - Flight                         Charms/Air                   3
   b - Airstrike                      Air                          4
   c - Silence                        Hexes/Air                    5
   d - Deflect Missiles               Charms/Air                   6
   e - Conjure Ball Lightning         Conjuration/Air              6
   f - Tornado                        Air                          9
Comestibles
 b - 9 bread rations
 v - 10 slices of pizza
 C - 5 beef jerkies
 G - 4 fruits
 M - a chunk of flesh


   Skills:
 - Level 3.6 Fighting
 - Level 3.2 Dodging
 - Level 5.3 Stealth
 - Level 8.3 Unarmed Combat
 - Level 3.8 Spellcasting
 + Level 6.1 Transmutations
 - Level 9.0 Invocations


You had 4 spell levels left.
You knew the following spells:

 Your Spells              Type           Power        Failure   Level  Hunger
a - Hydra Form            Trmt           ####......   99%         6    #######
b - Deflect Missiles      Chrm/Air       #.........   100%        6    #######


Dungeon Overview and Level Annotations

Branches:
Dungeon (8/15)             Temple (1/1) D:6
   Lair: D:8-11

Altars:
Ashenzari
Cheibriados
Elyvilon
Fedhas
Gozag
Kikubaaqudgha
Makhleb
Nemelex Xobeh
Okawaru
Qazlal
Ru
Sif Muna
Trog
Vehumet
Xom
Yredelemnul
Zin
The Shining One

Annotations:
D:3 lagrange's ghost, average OgAK


Innate Abilities, Weirdness & Mutations

You have razor-sharp toenails.
You sometimes gain power by taking damage.
When hurt, damage is shared between your health and your magic reserves.
You regenerate magic rapidly.
You have a pair of small antennae on your head.
Your body is slowly deteriorating.
You are dopey. (Int -2)
You are somewhat resistant to further mutation.
You occasionally shout uncontrollably at your foes.


Message History

You claw the frost giant, but do no damage.
The frost giant is severely wounded.
The frost giant hits you with a battleaxe of freezing!!
* * * LOW HITPOINT WARNING * * *
You focus on the pain.
You feel agile all of a sudden. The frost giant freezes you.
* * * LOW HITPOINT WARNING * * *
You punch the frost giant!
You claw the frost giant, but do no damage.
The frost giant is almost dead.
You hit the frost giant but do no damage.
You claw the frost giant, but do no damage.
The frost giant is almost dead.
The frost giant hits you with a battleaxe of freezing!
* * * LOW HITPOINT WARNING * * *
You focus on the pain.
You feel very mighty all of a sudden. The frost giant freezes you.
You die...

#..... #......... #...?
#.#......... #?..
#........... ###
###'#########.......
...##.......#..†[.......
....#..............<....
.....'$.8....#........###
....#(.C....#........#
... #..@....#........# #
###'#####........# #...#
###....### #.....# #>...#
#.....# #.... #.....# . #
##...## ### ##### #.. #..


You could see a frost giant.

Vanquished Creatures
  Pikel (D:5)
  The ghost of oshikia the Insei, an average OpMo (D:4)
  Eustachio (D:7)
  A hog (D:7)
  A human (D:7)
  Menkaure (D:7)
  A black bear (D:6)
  2 ice beasts
  An eye of draining (D:8)
  3 sky beasts
  2 ogres
  A slave (D:5)
  2 centaurs
  A necrophage (D:6)
  4 giant frogs (D:6)
  2 scorpions
  A water moccasin zombie (D:8)
  A wyvern zombie (D:8)
  6 killer bees (D:8)
  2 crimson imps
  A giant frog zombie (D:8)
  A centaur skeleton (D:7)
  2 centaur zombies
  A giant frog skeleton (D:6)
  5 hounds
  A jelly (D:8)
  4 orc priests
  3 iguanas
  11 orc wizards
  5 worker ants
  3 sheep (D:7)
  Ijyb (D:6)
  8 adders
  4 gnolls (D:5)
  A giant mite (D:5)
  A shadow imp (D:6)
  3 worms
  An adder zombie (D:6)
  3 giant geckos
  2 oozes (D:1)
  36 orcs
  A ball python (D:6)
  A bat skeleton (D:6)
  A bat zombie (D:5)
  10 goblins
  10 hobgoblins
  10 jackals
  17 kobolds
  13 bats
  3 giant cockroaches
  A giant gecko skeleton (D:4)
  5 giant newts
  A jackal skeleton (D:8)
  5 quokkas
  14 rats
  2 ballistomycetes (D:8)
226 creatures vanquished.

Vanquished Creatures (others)
  A giant spore (D:8)
1 creature vanquished.

Grand Total: 227 creatures vanquished

Notes
Turn   | Place    | Note
--------------------------------------------------------------
     0 | D:1      | oshikia, the Demonspawn Monk, began the quest for the Orb.
     0 | D:1      | Reached XP level 1. HP: 18/18 MP: 1/1
    51 | D:1      | Reached skill level 4 in Unarmed Combat
    71 | D:1      | Gained mutation: You sometimes gain a little power by taking damage. [demonic ancestry]
    71 | D:1      | Reached XP level 2. HP: 16/24 MP: 2/2
   639 | D:2      | Gained mutation: You sometimes gain power by taking damage. [demonic ancestry]
   639 | D:2      | Reached XP level 3. HP: 29/29 MP: 3/3
  1298 | D:3      | Reached skill level 5 in Unarmed Combat
  1310 | D:3      | Noticed lagrange's ghost (average OgAK)
  1462 | D:3      | Gained mutation: You have sharp toenails. [demonic ancestry]
  1462 | D:3      | Reached XP level 4. HP: 20/35 MP: 4/4
  1645 | D:3      | Reached XP level 5. HP: 41/41 MP: 5/5
  1742 | D:3      | Found a glowing golden altar of the Shining One.
  1750 | D:3      | Found an opulent altar of Gozag.
  1753 | D:3      | Found a burning altar of Makhleb.
  1796 | D:3      | Found an ancient bone altar of Kikubaaqudgha.
  2249 | D:4      | Reached skill level 6 in Unarmed Combat
  2276 | D:4      | Found a radiant altar of Vehumet.
  2463 | D:4      | Noticed oshikia's ghost (average OpMo)
  2595 | D:4      | Noticed an ogre
  2606 | D:4      | Killed an ogre
  2606 | D:4      | Reached XP level 6. HP: 47/47 MP: 6/6
  2854 | D:4      | Killed oshikia's ghost
  2854 | D:4      | Reached skill level 7 in Unarmed Combat
  2854 | D:4      | Gained mutation: When hurt, damage is shared between your health and your magic reserves. [demonic ancestry]
  2854 | D:4      | Reached XP level 7. HP: 29/52 MP: 7/7
  2892 | D:4      | Learned a level 6 spell: Hydra Form
  2955 | D:5      | Entered Level 5 of the Dungeon
  3040 | D:5      | Reached skill level 1 in Transmutations
  3247 | D:5      | Reached skill level 1 in Spellcasting
  3477 | D:5      | Noticed Pikel
  3503 | D:5      | Killed Pikel
  3503 | D:5      | Reached skill level 5 in Stealth
  3503 | D:5      | Gained mutation: You regenerate magic rapidly. [demonic ancestry]
  3503 | D:5      | Reached XP level 8. HP: 32/58 MP: 5/14
  3542 | D:5      | Found a sacrificial altar of Ru.
  3621 | D:5      | Reached skill level 8 in Unarmed Combat
  3891 | D:5      | Gained mutation: You occasionally shout uncontrollably at your foes. [mutagenic meat]
  3892 | D:5      | Gained mutation: You are somewhat resistant to further mutation. [mutagenic meat]
  4067 | D:6      | Noticed Ijyb
  4096 | D:6      | Killed Ijyb
  4148 | D:6      | Found a staircase to the Ecumenical Temple.
  4192 | Temple   | Entered the Ecumenical Temple
  4238 | Temple   | Became a worshipper of Cheibriados the Contemplative
  4360 | D:6      | Reached skill level 1 in Invocations
  4360 | D:6      | Gained mutation: You have razor-sharp toenails. [demonic ancestry]
  4360 | D:6      | Reached XP level 9. HP: 61/64 MP: 16/18
  4735 | D:6      | Gained mutation: You are dopey. (Int -2) [mutagenic meat]
  4737 | D:6      | Gained mutation: Your body is slowly deteriorating. [mutagenic meat]
  4912 | D:6      | Found a bloodstained altar of Trog.
  4965 | D:7      | Acquired Cheibriados' first power
  4986 | D:7      | Noticed Eustachio
  4999 | D:7      | Killed Eustachio
  4999 | D:7      | Reached skill level 5 in Invocations
  5245 | D:7      | Noticed Menkaure
  5260 | D:7      | Killed Menkaure
  5865 | D:7      | Reached skill level 5 in Transmutations
  6240 | D:8      | Gained mutation: You are very dopey. (Int -4) [mutagenic meat]
  6241 | D:8      | Gained mutation: You have a pair of small antennae on your head. [mutagenic meat]
  6242 | D:8      | Lost mutation: You are very dopey. (Int -4) [mutagenic meat]
  6310 | D:8      | Found a basalt altar of Yredelemnul.
  6355 | D:8      | Acquired Cheibriados' second power
  6367 | D:8      | Reached XP level 10. HP: 56/70 MP: 18/22
  6369 | D:8      | Reached skill level 9 in Invocations
  6379 | D:8      | Learned a level 6 spell: Deflect Missiles
  6429 | D:8      | Noticed a frost giant
  6658 | D:8      | HP: 3/70 [frost giant/battleaxe of freezing (10)]
  6658 | D:8      | Slain by a frost giant

Action                   |  1- 3 |  4- 6 |  7- 9 | 10-12 || total
-------------------------+-------+-------+-------+-------++-------
Melee: Unarmed           |   154 |   215 |   528 |    90 ||   987
Throw: Stone             |     2 |     2 |       |       ||     4
Invok: Temporal Distorti |       |       |     2 |       ||     2
       Bend Time         |       |       |       |     2 ||     2
Evoke: Wand              |       |       |    14 |       ||    14
  Use: Potion            |     1 |     7 |     2 |     3 ||    13
       Scroll            |       |       |     1 |       ||     1
 Stab: Sleeping          |     4 |     2 |     9 |       ||    15
       Distracted        |       |       |     3 |       ||     3
  Eat: Chunk             |     2 |     6 |    21 |     1 ||    30
